 Dungeon Crawl Stone Soup version 0.24-a0-497-g5a03d68f59 (webtiles) character file.

Game seed: 3030873001748151832

1005 KristoblXynda the Covert (level 8, -1/36 HPs)
             Began as a Spriggan Enchanter on July 13, 2019.
             Was an Initiate of Gozag.
             Killed from afar by an orc wizard (5 damage)
             ... with a magic dart
             ... on level 6 of the Dungeon.
             The game lasted 00:10:07 (6101 turns).

KristoblXynda the Covert (Spriggan Enchanter)       Turns: 6101, Time: 00:10:08

Health: -1/36      AC:  4    Str:  5    XL:     8   Next: 0%
Magic:  2/18       EV: 18    Int: 17    God:    Gozag
Gold:   220        SH:  0    Dex: 17    Spells: 11/19 levels left

rFire    + . .     SeeInvis +   x - +1 dagger (freeze)
rCold    + + .     Gourm    .   (shield restricted)
rNeg     . . .     Faith    .   b - +1 robe
rPois    +         Spirit   .   (helmet restricted)
rElec    +         Reflect  .   w - +0 cloak
rCorr    +         Harm     .   (gloves unavailable)
MR       +....                  (boots unavailable)
Stlth    ++++......             f - amulet of rage
HPRegen  0.12/turn              h - ring of protection from cold
MPRegen  0.16/turn              (no ring)

@: resistant, very quick
A: very small, unfitting armour, see invisible, herbivore, speed 3, slow
metabolism 2
a: Potion Petition, Call Merchant, Bribe Branch, Renounce Religion, Evoke
Berserk Rage


You were on level 6 of the Dungeon.
You worshipped Gozag.
Gozag was aware of your devotion.
You were very hungry.

You visited 1 branch of the dungeon, and saw 6 of its levels.

You collected 311 gold pieces.
You paid 91 gold pieces to Gozag.

Inventory:

Hand Weapons
 a - a +1 dagger
 l - a +1 dagger of speed
 x - a +1 dagger of freezing (weapon)
Armour
 b - a +1 robe (worn)
 w - a +0 cloak (worn)
Jewellery
 f - an amulet of rage (around neck)
 h - a ring of protection from cold (left hand)
 q - an uncursed ring of ice
 t - an uncursed ring of protection from cold
Wands
 u - a wand of polymorph (2)
Scrolls
 e - a scroll of identify
 j - a scroll of fog
 m - 2 scrolls of fear
 n - a scroll of magic mapping
 o - a scroll of remove curse
 r - 4 scrolls of teleportation
 s - a scroll of enchant armour
 y - a scroll of amnesia
Potions
 g - 2 potions of brilliance
 i - a potion of flight
 k - 2 potions of heal wounds
 p - a potion of cancellation
 v - 2 potions of curing
Comestibles
 d - 12 rations


   Skills:
 - Level 2.3 Short Blades
 - Level 3.0 Dodging
 + Level 8.5 Stealth
 + Level 6.1 Spellcasting
 + Level 6.6 Hexes
 + Level 5.1 Evocations


You had 11 spell levels left.
You knew the following spells:

 Your Spells              Type           Power        Failure   Level  Hunger
b - Ensorcelled Hibernat  Hex/Ice        ###...       4%          2    None
c - Confuse               Hex            ####....     2%          3    ##.....
d - Tukima's Dance        Hex            ####....     2%          3    ##.....

Your spell library contained the following spells:

 Spells                   Type           Power        Failure   Level  Hunger
 Corona                   Hex            ####...      1%          1    None
 Dazzling Spray           Conj/Hex       ###...       10%         3    ##.....


Dungeon Overview and Level Annotations

Branches:
Dungeon (6/15)
 Temple: D:4-7

Altars:
Cheibriados
Gozag
Kikubaaqudgha
Makhleb
Qazlal
Beogh

Annotations:
D:6 3 runed translucent doors, vurker's ghost, novice DEFE


Innate Abilities, Weirdness & Mutations

You are very small and have problems with some larger weapons.
You are too small for most types of armour.
You have supernaturally acute eyesight. (SInv)
You are a herbivore.
You cover ground extremely quickly.
You need to consume almost no food.


Message History

It was a potion of resistance.
You feel protected.
You barely miss the orc wizard.
The orc wizard is no longer distracted by gold.
The orc wizard closely misses you.
You hit the orc wizard but do no damage.
The orc wizard points at you and mumbles some strange words.
The puff of flame hits you. You resist.
The orc priest calls down the wrath of Beogh upon you.
Beogh smites you!
Your magical contamination has completely faded away.
The orc wizard points at you and mumbles some strange words.
The magic dart hits you.
The orc wizard gestures at you while chanting.
The magic dart hits you!
* * * LOW HITPOINT WARNING * * *
The orc wizard casts a spell at you. The magic dart hits you.
You die...
Your body crumbles into a pile of gold.

##_#.........# #.##.#...#
#.#.........###########.........
####...#.##.............#####.##
#...#.##.###########.# #...
#...#.##.# #.# #>.# #...#.##.#
###.# #.[# #.....##.# #...# #..#
###...####.#########.### #...
#.....#.......@......# #.##
#.....#......†.......# #.##
#.....'..............# #...
#.....#...........o..# ####
#....###############.# #....#
#..oo...# #....# #.#######
###### .......$......#
..........o...#


You could see an orc wizard.

Vanquished Creatures
  2 sky beasts (D:6)
  A phantom (D:6)
  A centaur (D:6)
  An ogre (D:4)
  Blork the orc (D:5)
  A scorpion (D:6)
  A crimson imp (D:6)
  2 hounds
  2 bullfrog skeletons (D:6)
  3 orc priests
  An iguana (D:6)
  A worker ant (D:6)
  A hound skeleton (D:4)
  5 adders
  3 worms (D:2)
  7 dart slugs
  3 leopard geckos
  16 orcs
  5 giant cockroaches
  3 goblins
  6 hobgoblins
  5 quokkas
  A ball python (D:1)
  7 bats
  8 frilled lizards
  A jackal zombie (D:6)
  A kobold (D:3)
  8 rats
97 creatures vanquished.

Notes
Turn   | Place    | Note
-------+----------+-------------------------------------------
     0 | D:1      | KristoblXynda the Spriggan Enchanter began the quest for
                  | the Orb.
     0 | D:1      | Reached XP level 1. HP: 9/9 MP: 5/5
   388 | D:1      | Reached XP level 2. HP: 13/13 MP: 6/6
   479 | D:1      | Learned a level 2 spell: Ensorcelled Hibernation
  1094 | D:2      | Reached skill level 5 in Stealth
  1094 | D:2      | Reached XP level 3. HP: 16/16 MP: 3/8
  1241 | D:2      | Learned a level 3 spell: Confuse
  2140 | D:2      | Found a burning altar of Makhleb.
  2300 | D:3      | Reached XP level 4. HP: 20/21 MP: 7/10
  2416 | D:3      | Learned a level 3 spell: Tukima's Dance
  2481 | D:3      | Reached skill level 1 in Evocations
  3000 | D:3      | Reached XP level 5. HP: 17/24 MP: 10/12
  3761 | D:4      | Reached skill level 6 in Stealth
  3856 | D:4      | Found a snail-covered altar of Cheibriados.
  3996 | D:4      | Noticed an ogre
  3999 | D:4      | Killed an ogre
  3999 | D:4      | Reached skill level 5 in Hexes
  4179 | D:4      | Reached XP level 6. HP: 28/28 MP: 8/13
  4687 | D:5      | Entered Level 5 of the Dungeon
  4687 | D:5      | Noticed Blork the orc
  4690 | D:5      | Killed Blork the orc
  4787 | D:5      | Reached skill level 7 in Stealth
  4790 | D:5      | Reached skill level 5 in Spellcasting
  5015 | D:5      | Found an ancient bone altar of Kikubaaqudgha.
  5209 | D:5      | Found a stormy altar of Qazlal.
  5262 | D:6      | Reached XP level 7. HP: 32/32 MP: 11/15
  5640 | D:6      | Found a runed translucent gate.
  5640 | D:6      | Found a runed translucent gate.
  5640 | D:6      | Found a runed translucent gate.
  5643 | D:6      | Noticed vurker's ghost (novice DEFE)
  5646 | D:6      | Identified the +5 long sword "Isiuluoggubi" {protect, +Rage
                  | rF++ rC- Stlth+}
  5647 | D:6      | Found a roughly hewn altar of Beogh.
  5706 | D:6      | Reached skill level 8 in Stealth
  5793 | D:6      | Found an opulent altar of Gozag.
  5846 | D:6      | Reached skill level 5 in Evocations
  5875 | D:6      | Became a worshipper of Gozag Ym Sagoz the Greedy
  6061 | D:6      | Reached XP level 8. HP: 33/36 MP: 14/18
  6101 | D:6      | Killed from afar by an orc wizard

Levels and vault maps discovered:
D:1:      sevenhm_arrival_forest_fort_small_4, layout_loops_cross,
          lemuel_old_faithful
D:2:      layout_rooms, lemuel_round_altar, minmay_tiny_reverse_x
D:3:      layout_basic, minmay_randomly_rotated_circles
D:4:      layout_basic, lemuel_crystal_altar, first_ration
D:5:      layout_basic, overflow_temple_1_default, minmay_crystal_room,
          nicolae_qazlal_eye_of_the_storm, uniq_blork_the_orc
D:6:      layout_basic, overflow_temple_1_default, biasface_ghost_orc_armoury

Skill      XL: |  1  2  3  4  5  6  7 |
---------------+----------------------+-----
Spellcasting   | 3 4 5 6 |  6.1
Hexes          | 4 5 6 |  6.6
Stealth        | 5 6 7 8 |  8.5
Short Blades   | 2 |  2.3
Evocations     | 1 2 3 5 |  5.1
Dodging        | |  3.0

Action                   |  1- 3 |  4- 6 |  7- 9 || total
-------------------------+-------+-------+-------++-------
Melee: Dagger            |   115 |   123 |    55 ||   293
 Cast: Ensorcelled Hiber |    17 |    33 |    23 ||    73
       Corona            |     1 |       |       ||     1
       Confuse           |       |     1 |     2 ||     3
  Use: Scroll            |       |    15 |       ||    15
       Potion            |       |       |     3 ||     3
 Stab: Sleeping          |    22 |    29 |    12 ||    63
       Confused          |       |     2 |     2 ||     4
  Eat: Ration            |       |     2 |       ||     2
Armor: Robe              |    12 |     7 |     2 ||    21
Dodge: Dodged            |    73 |    88 |    37 ||   198

Table legend:
 A = Non-vault XP
 B = Vault XP
 C = Vault XP percentage of total XP
 D = Non-vault monster count
 E = Vault monster count
 F = Vault count percentage of total count
                 A         B        C        D         E       F
            +---------+---------+-------+---------+---------+-------
      Total |    1296 |     141 |   9.8 |      88 |       9 |   9.3
            +---------+---------+-------+---------+---------+-------
        D:1 |      33 |       0 |   0.0 |      16 |       0 |   0.0
        D:2 |      53 |       7 |  11.7 |      18 |       2 |  10.0
        D:3 |      96 |      35 |  26.7 |      19 |       6 |  24.0
        D:4 |     280 |       0 |   0.0 |      14 |       0 |   0.0
        D:5 |      51 |      99 |  66.0 |       5 |       1 |  16.7
        D:6 |     783 |       0 |   0.0 |      16 |       0 |   0.0
            +---------+---------+-------+---------+---------+-------
